 Dungeon Crawl Stone Soup version 0.21-a0-578-gc6e9d75 (webtiles) character file.

672 Gerstahl the Skirmisher (level 7, -3/59 HPs)
             Began as a Demonspawn Monk on Dec 18, 2017.
             Slain by a slave (7 damage)
             ... led by Pikel
             ... on level 4 of the Dungeon.
             The game lasted 00:08:29 (4937 turns).

Gerstahl the Skirmisher (Demonspawn Monk)           Turns: 4937, Time: 00:08:30

Health: -3/59      AC:  5    Str: 14    XL:     7   Next: 32%
Magic:  7/7        EV: 13    Int: 12    God:
Gold:   189        SH:  0    Dex: 17    Spells: 6/6 levels left

rFire    . . .     SeeInvis .   a - +0 falchion
rCold    . . .     Gourm    .   (no shield)
rNeg     . . .     Faith    .   o - +0 ring mail (curse)
rPois    .         Spirit   .   (no helmet)
rElec    .         Reflect  .   (no cloak)
rCorr    .         Harm     .   (no gloves)
MR       .....                  (no boots)
Stlth    +.........             (no amulet)
HPRegen  0.19/turn              m - +3 ring of strength
MPRegen  0.10/turn              (no ring)

@: drained
A: repulsion field 1, demonic guardian 1, powered by death 1
a: no special abilities


You were on level 4 of the Dungeon.
You were very hungry.

You visited 1 branch of the dungeon, and saw 5 of its levels.

You collected 189 gold pieces.

Inventory:

Hand Weapons
 a - a +0 falchion (weapon)
Armour
 b - a +0 robe
 i - a +0 ring mail
 o - a cursed +0 ring mail (worn)
Jewellery
 m - a +3 ring of strength (left hand)
Scrolls
 e - 8 scrolls of identify {unknown}
 f - 2 scrolls of teleportation {unknown}
 g - 5 scrolls of remove curse {unknown}
 j - 3 scrolls of fear {unknown}
 k - 2 scrolls of enchant weapon {unknown}
 n - a scroll of immolation {unknown}
 s - a scroll of amnesia {unknown}
Potions
 h - 2 potions of heal wounds {unknown}
 p - a potion of might
 r - a potion of haste {unknown}
 t - a potion of resistance {unknown}
Comestibles
 c - 6 rations


   Skills:
 + Level 6.4(5.9) Fighting
 + Level 5.8(5.4) Long Blades
 - Level 2.6(2.2) Dodging
 - Level 1.7(1.3) Stealth


You had 6 spell levels left.
You didn't know any spells.

Dungeon Overview and Level Annotations

Branches:
Dungeon (5/15)
 Temple: D:4-7

Altars:
Makhleb
Okawaru
Qazlal
Trog
Wu Jian
Xom
Yredelemnul
Zin


Innate Abilities, Weirdness & Mutations

You are surrounded by a mild repulsion field. (EV +2)
A weak demonic guardian rushes to your aid.
You regenerate a little health from kills.


Message History

* * * LOW HITPOINT WARNING * * *
You closely miss the slave.
The slave is heavily wounded.
Your iron imp hits the slave.
The slave hits you but does no damage.
You completely miss the slave.
The slave is severely wounded.
The slave hits you!
* * * LOW HITPOINT WARNING * * *
Your iron imp hits the slave.
Okay, then.
Okay, then.
The slave hits your iron imp.
Your iron imp completely misses the slave.
You barely miss the slave.
The slave is almost dead.
The slave misses you.
You riposte.
You barely miss the slave.
The slave is almost dead.
Your iron imp barely misses the slave.
The slave hits you!
You die...

########## #.)......#
#.....(..# #........#
######........#
#....'........#
###########(####@.......###
.............<.p..####....#
###########.##.#### ##+##'####
###########.##.######........#
..................5...>......#
###########......(...........#
#..........<.......#
#..................#
##.................#


You could see a slave.

Vanquished Creatures
  An ice beast (D:5)
  A phantom (D:4)
  Blork the orc (D:4)
  2 orc priests
  The ghost of 4thArraOfDagon the Firebug, a weakling VSFE of Cheibriados (D:3)
  An orc wizard (D:5)
  An iguana (D:4)
  An adder (D:2)
  2 oozes
  An adder skeleton (D:2)
  A dart slug (D:4)
  6 leopard geckos
  6 orcs
  4 giant cockroaches
  4 goblins
  7 hobgoblins (D:1)
  2 jackals (D:2)
  7 kobolds
  A quokka (D:4)
  A ball python (D:2)
  7 bats
  7 frilled lizards
  9 rats
74 creatures vanquished.

Vanquished Creatures (collateral kills)
  Eustachio (D:5)
  Edmund (D:5)
  A hound (D:4)
  A worker ant (D:2)
  2 orcs (D:3)
6 creatures vanquished.

Grand Total: 80 creatures vanquished

Notes
Turn   | Place    | Note
-------+----------+-------------------------------------------
     0 | D:1      | Gerstahl the Demonspawn Monk began the quest for the Orb.
     0 | D:1      | Reached XP level 1. HP: 18/18 MP: 1/1
   325 | D:1      | Gained mutation: A weak demonic guardian rushes to your aid. [demonic ancestry]
   325 | D:1      | Reached XP level 2. HP: 23/24 MP: 2/2
  1135 | D:2      | Reached XP level 3. HP: 6/30 MP: 3/3
  1604 | D:2      | Found a glowing silver altar of Zin.
  1681 | D:2      | Reached skill level 4 in Fighting
  1924 | D:2      | Gained mutation: You are surrounded by a mild repulsion field. (EV +2) [demonic ancestry]
  1924 | D:2      | Reached XP level 4. HP: 37/37 MP: 4/4
  2020 | D:2      | Found a burning altar of Makhleb.
  2185 | D:2      | Found a faded altar of an unknown god.
  2866 | D:3      | Found a stormy altar of Qazlal.
  2866 | D:3      | Noticed 4thArraOfDagon's ghost (weakling VSFE)
  2874 | D:3      | Killed 4thArraOfDagon's ghost
  2874 | D:3      | Reached XP level 5. HP: 35/43 MP: 5/5
  2942 | D:3      | Found a glowing golden altar of the Shining One.
  2945 | D:3      | Found a bloodstained altar of Trog.
  2945 | D:3      | Found a shimmering altar of Xom.
  2951 | D:3      | Found a shimmering altar of Xom.
  2951 | D:3      | Found an ornate altar of the Wu Jian Council.
  2951 | D:3      | Found a basalt altar of Yredelemnul.
  3476 | D:4      | Found an ornate altar of the Wu Jian Council.
  3603 | D:4      | Noticed Blork the orc
  3612 | D:4      | Killed Blork the orc
  3612 | D:4      | Reached skill level 5 in Fighting
  3673 | D:4      | Noticed a phantom
  3684 | D:4      | Found an iron altar of Okawaru.
  3707 | D:4      | HP: 2/44 [phantom (6)]
  3720 | D:4      | Killed a phantom
  3720 | D:4      | Gained mutation: You regenerate a little health from kills. [demonic ancestry]
  3720 | D:4      | Reached XP level 6. HP: 7/51 MP: 6/6
  4047 | D:5      | Entered Level 5 of the Dungeon
  4068 | D:5      | Reached skill level 5 in Long Blades
  4110 | D:5      | Noticed Eustachio
  4125 | D:5      | Noticed an ice beast
  4148 | D:5      | Killed an ice beast
  4167 | D:5      | Killed Eustachio
  4167 | D:5      | Reached skill level 6 in Fighting
  4167 | D:5      | Reached XP level 7. HP: 16/58 MP: 7/7
  4428 | D:5      | Noticed Edmund
  4443 | D:5      | Killed Edmund
  4925 | D:4      | HP: 1/59 [slave[Pikel] (7)]
  4937 | D:4      | Slain by a slave

Vault maps used:
D:1:      dpeg_arrival_prison
D:2:      zin_statuary, chequers_ecumenical_altar_simple, bloody_makhleb
D:3:      doesnt_xom_only_xom, lemuel_round_altar
D:4:      lemuel_round_altar, first_ration, roderic_roman_lattice,
          okawaru_metal_pillars_1_2, uniq_blork_the_orc
D:5:      serial_glass, glass_columns_b, glass_columns_a, serial_shops,
          nicolae_shop_window_shopping, minmay_misc_feat_roman,
          uniq_crazy_yiuf_cottage, uniq_eustachio, uniq_pikel, uniq_edmund,
          uniq_ijyb

Skill      XL: |  1  2  3  4  5  6 |
---------------+-------------------+-----
Long Blades    | 3 4 5 |  5.8
Fighting       | 4 5 6 |  6.4
Dodging        | |  2.6
Stealth        | |  1.7

Action                   |  1- 3 |  4- 6 |  7- 9 || total
-------------------------+-------+-------+-------++-------
Melee: Falchion          |   120 |   179 |    34 ||   333
  Use: Potion            |     1 |     3 |     1 ||     5
 Stab: Sleeping          |     6 |       |       ||     6
       Distracted        |       |     1 |     2 ||     3
  Eat: Chunk             |     2 |     8 |     2 ||    12
Armor: Robe              |    16 |       |       ||    16
       Ring mail         |     3 |    69 |     3 ||    75
Dodge: Dodged            |    92 |   138 |    17 ||   247
       Rpst.: Falchion   |    30 |    38 |     6 ||    74

Table legend:
 A = Spawn XP
 B = Non-spawn XP
 C = Spawn XP percentage of total XP
 D = Spawn monster count
 E = Non-spawn monster count
 F = Spawn count percentage of total count
 G = Total turns spent on level
                    A         B        C        D         E        F      G
               +---------+---------+-------+---------+---------+-------+---------
         Total |       0 |     960 |   0.0 |       0 |      80 |   0.0 |  4937
               +---------+---------+-------+---------+---------+-------+---------
           D:1 |       0 |      35 |   0.0 |       0 |      24 |   0.0 |  1116
           D:2 |       0 |      86 |   0.0 |       0 |      24 |   0.0 |  1196
           D:3 |       0 |      96 |   0.0 |       0 |      18 |   0.0 |   809
           D:4 |       0 |     268 |   0.0 |       0 |       8 |   0.0 |  1186
           D:5 |       0 |     475 |   0.0 |       0 |       6 |   0.0 |   630
               +---------+---------+-------+---------+---------+-------+---------
